 Dungeon Crawl Stone Soup version 0.18-a0-1577-gf591c28 (webtiles) character file.

43 Dustman the Skirmisher (level 3, 0/29 HPs)
             Began as a Human Warper on Mar 18, 2016.
             Succumbed to an adder's poison
             ... on level 2 of the Dungeon.
             The game lasted 00:08:23 (1308 turns).

Dustman the Skirmisher (Human Warper)               Turns: 1308, Time: 00:08:23

Health: 0/29       AC:  3    Str: 10 (12) XL:     3   Next: 82%
Magic:  6/6        EV: 16    Int: 16 (18) God:
Gold:   142        SH:  4    Dex: 16 (17) Spells: 1 memorised, 5 levels left

rFire  . . .     SeeInvis .     a - +0 spear
rCold  . . .     Gourm    .     b - +0 leather armour
rNeg   . . .     Faith    .     g - +0 buckler
rPois  .         Spirit   .     (no helmet)
rElec  .         Dismiss  .     (no cloak)
rCorr  .         Reflect  .     (no gloves)
SustAt .         Harm     .     (no boots)
MR     .....                    (no amulet)
Stlth  +.........               (no ring)
                                o - ring of loudness (curse)

@: brilliant, agile, lethally poisoned (0 -> -7), very slightly contaminated,
hasted, very quick, not resistant to hostile enchantments, very unstealthy
A: no striking features
a: no special abilities


You were on level 2 of the Dungeon.
You were hungry.

You visited 1 branch of the dungeon, and saw 3 of its levels.

You collected 142 gold pieces.

Inventory:

Hand Weapons
 a - a +0 spear (weapon)
Missiles
 e - 5 tomahawks of dispersal (quivered)
Armour
 b - a +0 leather armour (worn)
 g - a +0 buckler (worn)
Jewellery
 o - a cursed ring of loudness (left hand)
Scrolls
 d - a scroll of blinking
Potions
 h - a potion of brilliance
Books
 c - a book of Spatial Translocations

   Spells                             Type                      Level
   a - Apportation                    Translocation                1
   b - Blink                          Translocation                2
   c - Shroud of Golubria             Charms/Translocation         2
   d - Portal Projectile              Translocation                3
   e - Teleport Other                 Translocation                3
   f - Passage of Golubria            Translocation                4
Comestibles
 f - a bread ration
 i - a meat ration


   Skills:
 + Level 3.1 Fighting
 + Level 2.8 Polearms
 - Level 1.0 Throwing
 - Level 1.0 Armour
 - Level 2.0 Dodging
 + Level 0.4 Shields
 - Level 2.0 Spellcasting
 - Level 3.0 Translocations


You had 5 spell levels left.
You knew the following spells:

 Your Spells              Type           Power        Failure   Level  Hunger
a - Apportation           Tloc           ###.......   1%          1    #......


Dungeon Overview and Level Annotations

Branches:
Dungeon (3/15)

Altars:
Qazlal


Message History

Drink which item? (? for menu, Esc to quit)
It was a potion of haste.
You feel yourself speed up. The adder barely misses you.
You are very lightly contaminated with residual magic.
You hit the adder.
You kill the adder!
* * * LOW HITPOINT WARNING * * *
You feel sick.
Drink which item? (? for menu, Esc to quit)
It was a potion of agility.
You feel agile all of a sudden.
Drink which item? (? for menu, Esc to quit)
It was a potion of degeneration.
There was something very wrong with that liquid.
You feel weakened.
You feel dopey.
You feel clumsy.
* * * LOW HITPOINT WARNING * * *
You feel sick.
You spend a moment contemplating the meaning of life.
You are feeling hungry.
You die...

..# #.# #.# ..# #.# #.# ###
################.# #.#
########................# #.#
#......'............##### #.#
#.######.........##############.#
#...####......).................#
.......#...................######
........#+##....@..........#
#.......#..................#
#.......#......(...........#
##......#.##...............#
###<#.#....>...#.#.#########
###.#.###.#......#...
....#.###.#.###..#.###
..........#.###..#.#
.............##..#


There were no monsters in sight!

Vanquished Creatures
  An adder (D:2)
  An ooze (D:1)
  A worm (D:2)
  A dart slug (D:3)
  A giant gecko (D:2)
  6 goblins
  2 hobgoblins
  A ball python (D:1)
  A bat (D:1)
  6 kobolds
  2 rats
23 creatures vanquished.

Notes
Turn   | Place    | Note
--------------------------------------------------------------
     0 | D:1      | Dustman the Human Warper began the quest for the Orb.
     0 | D:1      | Reached XP level 1. HP: 16/16 MP: 3/3
   373 | D:1      | Reached XP level 2. HP: 17/23 MP: 5/5
   443 | D:2      | Found a stormy altar of Qazlal.
   964 | D:3      | Reached XP level 3. HP: 28/28 MP: 6/6
  1305 | D:2      | HP: 1/29 [poisoned by an adder]
  1308 | D:2      | Succumbed to an adder's poison

Vault maps used:
D:1:      minmay_arrival_doors, serial_park_tiny_1
D:2:      grunt_qazlal_sundering

Skill      XL: |  1  2  3 |
---------------+----------+-----
Fighting       | 3 |  3.1
Polearms       | |  2.8
Throwing       | |  1.0
Armour         | |  1.0
Dodging        | |  2.0
Shields        | |  0.4
Spellcasting   | |  2.0
Translocations | |  3.0

Action                   || total
-------------------------++-------
Melee: Spear             ||   104
  Use: Scroll            ||     1
       Potion            ||     7
  Eat: Fruit             ||     1
